 Dungeon Crawl Stone Soup version 0.17.1-2-g5865329 (webtiles) character file.

1014 inmateoo the Ruffian (level 8, -6/75 HPs)
             Began as a Troll Arcane Marksman on Feb 8, 2016.
             Mangled by Grinder (9 damage)
             ... while paralysed by Grinder
             ... on level 6 of the Dungeon.
             The game lasted 00:08:53 (4063 turns).

inmateoo the Ruffian (Troll Arcane Marksman)        Turns: 4063, Time: 00:08:54

Health: -6/75      AC:  6    Str: 22    XL:     8   Next: 1%
Magic:  8/8        EV:  1    Int:  9    God:
Gold:   211        SH:  0    Dex:  9    Spells: 1 memorised, 8 levels left

rFire  + . .     SeeInvis .       - Unarmed
rCold  . . .     Clarity  .     a - +0 robe
rNeg   . . .     SustAt   .     (no shield)
rPois  .         Gourm    +     (helmet restricted)
rElec  .         Spirit   .     v - +0 cloak
rCorr  .         Warding  .     (gloves unavailable)
rMut   .         Stasis   .     (boots unavailable)
MR     .....                    (no amulet)
Stlth  +.........               y - +2 ring of evasion
                                p - ring of protection from fire

@: paralysed, about to teleport, not resistant to hostile enchantments, very
unstealthy
A: unfitting armour, claws 3, fast metabolism 3, gourmand, regeneration 2,
shaggy fur 1, tough skin 2
a: no special abilities


You were on level 6 of the Dungeon.
You were near starving.

You visited 1 branch of the dungeon, and saw 6 of its levels.

You collected 211 gold pieces.

Inventory:

Missiles
 c - 4 large rocks (quivered)
 d - 2 throwing nets
Armour
 a - a +0 robe (worn)
 v - a +0 cloak (worn)
Jewellery
 l - an uncursed ring of magical power {unknown}
 p - a ring of protection from fire (left claw)
 y - a +2 ring of evasion (right claw)
Wands
 k - a wand of confusion (10)
 o - a wand of fire (15)
 z - a wand of slowing (31)
Scrolls
 f - a scroll of identify
 g - 3 scrolls of remove curse
 j - a scroll of immolation {unknown}
 m - a scroll of fear {unknown}
 t - a scroll of enchant weapon
 x - a scroll of recharging
Potions
 e - a potion of flight
 i - a potion of curing
 q - a potion of cancellation
 w - 2 potions of degeneration {unknown}
Books
 b - a book of Debilitation

   Spells                             Type                      Level
   a - Corona                         Hexes                        1
   b - Slow                           Hexes                        2
   c - Gell's Gravitas                Hexes/Translocation          3
   d - Inner Flame                    Hexes/Fire                   3
   e - Cause Fear                     Hexes                        4
   f - Leda's Liquefaction            Hexes/Earth                  4
Comestibles
 h - 4 fruits
 r - 2 bread rations
 s - a beef jerky


   Skills:
 + Level 3.5 Fighting
 + Level 4.0 Throwing
 + Level 3.6 Dodging
 * Level 5.5 Unarmed Combat
 - Level 1.0 Spellcasting
 - Level 2.0 Hexes


You had 8 spell levels left.
You knew the following spells:

 Your Spells              Type           Power        Failure   Level  Hunger
a - Corona                Hex            #......      17%         1    ##.....


Dungeon Overview and Level Annotations

Branches:
Dungeon (6/15)             Temple (0/1) D:6

Altars:
Dithmenos
Elyvilon
Fedhas
Nemelex Xobeh
Ru
Trog
Vehumet
The Shining One

Shops:
D:5 }

Annotations:
D:4 bollicks1999's ghost, novice HOFi
D:6 Grinder


Innate Abilities, Weirdness & Mutations

You are too large for most types of armour.
You have claws for hands.
Your metabolism is lightning-fast.
You like to eat raw meat.
You heal very quickly.
You are covered in fur (AC +1).
You have very tough skin (AC +2).


Message History

The worker ant misses you. Grinder hits you.
* * * LOW HITPOINT WARNING * * *
You writhe in agony. x2
Read which item? (? for menu, Esc to quit)
As you read the scroll labeled VAUDUO NONUMUU, it crumbles to dust.
You feel strangely unstable.
It was a scroll of teleportation.
The giant frog skeleton barely misses you.
The centaur misses you. The worker ant misses you.
The giant frog skeleton closely misses you.
The centaur hits you but does no damage.
Grinder gestures at you.
You suddenly lose the ability to move!
The centaur hits you.
* * * LOW HITPOINT WARNING * * *
The worker ant bites you.
* * * LOW HITPOINT WARNING * * *
The giant frog skeleton hits you.
* * * LOW HITPOINT WARNING * * *
Grinder hits you!
You die...

.. ## #.
.#####<. ....#.#
# .....#.#
..#...#.#
#.###a......#
#..5@c......#
..⌠...Z###....##
?...... ...#
⌠.>.⌠.. ###
....... ..⌠....
..##.#. .# #...


You could see Grinder, a centaur, a worker ant and a giant frog skeleton.

Vanquished Creatures
  A water moccasin (D:5)
  A centaur (D:5)
  An ogre (D:5)
  A phantom (D:4)
  Blork the orc (D:4)
  A giant frog (D:4)
  4 scorpions
  An orc priest (D:4)
  An iguana (D:4)
  An orc wizard (D:4)
  2 worker ants
  3 gnolls
  9 adders
  An ooze (D:5)
  8 worms
  A giant gecko (D:4)
  7 orcs
  6 bats
  4 giant cockroaches
  3 hobgoblins (D:3)
  3 quokkas
  A ball python (D:3)
  3 giant newts
  5 goblins
  7 jackals
  A jackal skeleton (D:5)
  8 kobolds
  5 rats
90 creatures vanquished.

Notes
Turn   | Place    | Note
--------------------------------------------------------------
     0 | D:1      | inmateoo the Troll Arcane Marksman began the quest for the Orb.
     0 | D:1      | Reached XP level 1. HP: 18/18 MP: 1/1
    71 | D:1      | Reached skill level 1 in Fighting
   197 | D:1      | Reached XP level 2. HP: 27/27 MP: 2/2
   342 | D:1      | Reached skill level 1 in Unarmed Combat
   535 | D:2      | Reached XP level 3. HP: 29/33 MP: 3/3
   725 | D:2      | You fall through a shaft!
  1072 | D:3      | Found a sparkling altar of Nemelex Xobeh.
  1230 | D:3      | Reached XP level 4. HP: 33/42 MP: 4/4
  1335 | D:2      | Found a shadowy altar of Dithmenos.
  1626 | D:2      | Found a blossoming altar of Fedhas.
  1631 | D:2      | Found a glowing golden altar of the Shining One.
  1740 | D:3      | Found a white marble altar of Elyvilon.
  1884 | D:3      | Found a radiant altar of Vehumet.
  2118 | D:4      | Reached XP level 5. HP: 18/49 MP: 5/5
  2384 | D:4      | Noticed a phantom
  2388 | D:4      | Reached skill level 3 in Unarmed Combat
  2421 | D:4      | Killed a phantom
  2421 | D:4      | Reached XP level 6. HP: 35/59 MP: 6/6
  2674 | D:4      | Reached skill level 4 in Unarmed Combat
  2773 | D:4      | Noticed bollicks1999's ghost (novice HOFi)
  3036 | D:4      | Noticed Blork the orc
  3045 | D:4      | Killed Blork the orc
  3045 | D:4      | Reached XP level 7. HP: 62/66 MP: 7/7
  3084 | D:4      | Noticed a giant frog
  3089 | D:4      | Killed a giant frog
  3153 | D:3      | Found a bloodstained altar of Trog.
  3186 | D:5      | Entered Level 5 of the Dungeon
  3207 | D:5      | Found Sauc's Gadget Emporium.
  3290 | D:5      | Found a sacrificial altar of Ru.
  3463 | D:5      | Reached skill level 5 in Unarmed Combat
  4018 | D:5      | Reached XP level 8. HP: 75/75 MP: 8/8
  4052 | D:6      | Found a staircase to the Ecumenical Temple.
  4052 | D:6      | Noticed Grinder
  4053 | D:6      | Paralysed by Grinder for 7 turns
  4062 | D:6      | Paralysed by Grinder for 3 turns
  4063 | D:6      | HP: 3/75 [giant frog skeleton (1)]
  4063 | D:6      | Mangled by Grinder

Action                   |  1- 3 |  4- 6 |  7- 9 || total
-------------------------+-------+-------+-------++-------
Melee: Unarmed           |   112 |   172 |    61 ||   345
Throw: Large rock        |     4 |    10 |     6 ||    20
  Use: Scroll            |       |       |     9 ||     9
       Potion            |       |       |     4 ||     4
 Stab: Sleeping          |     1 |       |     1 ||     2
  Eat: Chunk             |    12 |    14 |     1 ||    27
       Bread ration      |     1 |     1 |       ||     2
